 Dungeon Crawl Stone Soup version 0.30-a0-12-gd8047c6341 (webtiles) character file.

Game seed: 3820630690043858893

42 Misha the Poker (level 3, -7/28 HPs)
             Began as a Merfolk Gladiator on Aug 24, 2022.
             Killed by divine providence
             ... invoked by an orc priest
              (15 damage)
             ... on level 3 of the Dungeon.
             The game lasted 00:02:24 (1664 turns).

Misha the Poker (Merfolk Gladiator)                 Turns: 1664, Time: 00:02:27

Health: -7/28      AC:  6    Str: 16    XL:     3   Next: 54%
Magic:  3/3        EV: 13    Int:  7    God:
Gold:   99         SH:  0    Dex: 15    Spells: 2/2 levels left

rFire   . . .      SeeInvis .    a - +0 trident
rCold   . . .      Faith    .    (no shield)
rNeg    . . .      Spirit   .    l - +2 robe {Will+}
rPois   .          Reflect  .    c - +1 helmet
rElec   .          Harm     .    (no cloak)
rCorr   +          Rampage  .    (no gloves)
Will    +....                    (no boots)
Stlth   +.........               m - amulet of the acrobat
HPRegen 0.09/turn                i - ring of resist corrosion
MPRegen 0.08/turn                (no ring)

@: no status effects
A: (nimble swimmer 2), mertail, fangs 1, no potion heal 1
a: no special abilities


You were on level 3 of the Dungeon.
You visited 1 branch of the dungeon, and saw 3 of its levels.

You collected 99 gold pieces.

Inventory:

Hand Weapons
 a - a +0 trident (weapon)
Missiles
 d - 3 throwing nets (quivered)
 e - a javelin
Armour
 c - a +1 helmet (worn)
 f - a +0 ring mail
 l - a +2 robe of willpower (worn)
Jewellery
 i - a ring of resist corrosion (left hand)
 m - an amulet of the acrobat (around neck)
 r - a ring of ice
Scrolls
 j - 2 scrolls of identify
Potions
 b - a potion of resistance
 k - a potion of invisibility {unknown}
 q - a potion of berserk rage {unknown}
 s - 3 potions of heal wounds {unknown}


   Skills:
 + Level 2.6 Fighting
 + Level 5.1 Polearms
 + Level 2.1 Throwing
 + Level 0.2 Armour
 + Level 4.3 Dodging


You had 2 spell levels left.
You didn't know any spells.
Your spell library contained the following spells:

 Spells                   Type           Power      Damage    Failure   Level
 Sublimation of Blood     Necr           0%         N/A       56%         2
 Wereblood                Tmut           0%         N/A       56%         2
 Iskenderun's Battlesphe  Conj           0%         2d6       100%        5
 Conjure Ball Lightning   Conj/Air       0%         3x3d6     100%        6
 Iron Shot                Conj/Erth      0%         9d1       100%        6
 Spellforged Servitor     Conj/Summ      0%         N/A       100%        7
 Summon Hydra             Summ           0%         N/A       100%        7
 Discord                  Hex            0%         N/A       100%        8
 Disjunction              Tloc           0%         N/A       100%        8


Dungeon Overview and Level Annotations

Branches:
Dungeon (3/15)

Altars:


Innate Abilities, Weirdness & Mutations

((You are very nimble when in or above water. (Stealth+, EV+, Speed+++)))
Your lower body shifts to a powerful aquatic tail in water.
You have very sharp teeth.
Potions are less effective at restoring your health.


Message History

You continue putting on your +2 robe of willpower.
The quokka barely misses you. The orc barely misses you.
You continue putting on your +2 robe of willpower.
The quokka misses you. The orc hits you with a +0 short sword.
The orc priest looks satisfied for a moment.
You finish putting on your +2 robe of willpower.
You feel strong-willed.
Unknown command.
Press: ? - help, v - describe, . - travel
Here: an orc priest, wielding a +0 club The floor.
Unknown command.
Reach: a) +0 trident
Press: ? - help, Dir - move target, f - orc priest
Aim: an orc priest, wielding a +0 club (about 40% to evade your +0 trident)
You hit the orc priest.
The orc priest is heavily wounded.
The quokka closely misses you. The orc hits you with a +0 short sword.
The orc priest hits you but does no damage.
The quokka closely misses you.
Okay, then.
Unknown command.
You hit the orc priest.
The orc priest is severely wounded.
The orc hits you but does no damage. The quokka closely misses you.
The orc priest calls down the wrath of Beogh upon you.
You resist with significant effort.
The orc priest mumbles some strange prayers to Beogh against you.
Beogh smites you!
* * * LOW HITPOINT WARNING * * *
An orc comes into view. It is wielding a +0 flail.
The orc shouts!
It was a potion of mutation.
You feel extremely strange.
Your system partially rejects the healing effects of potions.
Your teeth lengthen and sharpen.
The quokka completely misses you. The orc priest misses you.
The orc priest invokes the aid of Beogh against you.
Beogh smites you!
Ouch! That really hurt!
You die...

.....o
#.... ##o..
#... #..#
#..# #..# #
#.o####....
#oo@r......
#.#########
#.# #.# #.#
#.# #.# #.#
#.#


You could see 2 orc priests, 2 orcs and a quokka.

Vanquished Creatures
  3 worms (D:2)
  3 dart slugs
  2 ball pythons (D:2)
  3 goblins
  3 hobgoblins
  3 kobolds
  2 quokkas
  A bat (D:1)
  5 frilled lizards
  2 rats (D:2)
27 creatures vanquished.

Notes
Turn   | Place    | Note
-------+----------+-------------------------------------------
     0 | D:1      | Misha the Merfolk Gladiator began the quest for the Orb.
     0 | D:1      | Reached XP level 1. HP: 16/16 MP: 1/1
   148 | D:1      | Reached XP level 2. HP: 23/23 MP: 2/2
   173 | D:1      | Found a faded altar of an unknown god.
   943 | D:2      | Reached XP level 3. HP: 28/28 MP: 3/3
  1032 | D:2      | Reached skill level 5 in Polearms
  1664 | D:3      | Gained mutation: Potions are less effective at restoring
                  | your health. [potion of mutation]
  1664 | D:3      | Gained mutation: You have very sharp teeth. [potion of
                  | mutation]
  1664 | D:3      | Killed from afar by an orc priest

Illustrated notes

Levels and vault maps discovered:
D:1:      doesnt_arrival_eight_statues, layout_rooms,
          chequers_ecumenical_altar_simple
D:2:      layout_loops_cross, kennysheep_generic_room_9
D:3:      layout_basic

Skill      XL: |  1  2  3 |
---------------+----------+-----
Polearms       | 5 |  5.1
Fighting       | |  2.6
Throwing       | |  2.1
Armour         | |  0.2
Dodging        | |  4.3

Action                   || total
-------------------------++-------
Melee: Trident           ||    91
  Use: Scroll            ||     6
       Potion            ||     1
Armor: Ring mail         ||    16
       Robe              ||     2
Dodge: Dodged            ||    38

Table legend: (Time is in decaauts)
 A = Elapsed time spent in this place.
 B = Non-inter-level travel time spent in this place.
 C = Inter-level travel time spent in this place.
 D = Time resting spent in this place.
 E = Time spent auto-exploring this place.
 F = Levels seen in this place.
 G = Mean time per level.
                   A        B        C        D        E       F      G
               +--------+--------+--------+--------+--------+-----+--------+
         Total |   1668 |   1646 |     22 |    252 |   1108 |   3 |  556.0 |
       Dungeon |   1668 |   1646 |     22 |    252 |   1108 |   3 |  556.0 |
               +--------+--------+--------+--------+--------+-----+--------+

Top non-repeatable levels by time:
     D:2: 1120 daAuts
     D:1: 467 daAuts
     D:3: 81 daAuts
